 Dungeon Crawl Stone Soup version 0.19.5 (webtiles) character file.

441517 JeffiDaFish the Hoplite (level 23, -9/155 HPs)
             Began as a Gargoyle Fighter on Mar 29, 2017.
             Was the Champion of Okawaru.
             Killed from afar by a fire dragon (42 damage)
             ... with a blast of flame
             ... on level 2 of the Depths on Mar 30, 2017.
             The game lasted 02:36:44 (45989 turns).

JeffiDaFish the Hoplite (Gargoyle Fighter)         Turns: 45989, Time: 02:36:45

Health: -9/155     AC: 57    Str: 38    XL:     23   Next: 78%
Magic:  0/23       EV: 11    Int: 14    God:    Okawaru [******]
Gold:   3551       SH: 32    Dex: 23    Spells: 1 memorised, 17 levels left

rFire  x . .     SeeInvis .     s - +5 demon whip of Crusades {elec, Str+2 Int+3}
rCold  + + .     Gourm    .     y - +5 crystal plate armour "Trusted Companion" {rElec rF+ rCorr}
rNeg   + . .     Faith    .     O - +3 large shield of Darkness {Regen+ Dex+2}
rPois  ∞         Spirit   +     D - +2 hat {Spirit}
rElec  +         Reflect  .     N - +1 cloak "Nywn" {+Fly rCorr Str+4}
rCorr  +         Harm     .     e - +2 pair of gloves
MR     +....                    H - +0 pair of boots of Fyoqel {rF- rCorr Str+6}
Stlth  ..........               M - amulet "Kuivikaego" {+Rage +Inv Dex+5}
                                Q - ring "Zoefirig" {Ice Str+5 Stlth+}
                                g - ring of protection from cold

@: flying, very slightly contaminated
A: big wings, negative energy resistance 1, electricity resistance, unbreathing,
petrification resistance, rot immunity, AC +17
a: Stop Flying, Heroism, Finesse, Renounce Religion, Evoke Berserk Rage, Evoke
Invisibility
}: 3/15 runes: barnacled, silver, gossamer


You were on level 2 of the Depths.
You worshipped Okawaru.
Okawaru was exalted by your worship.
You were hungry.

You visited 7 branches of the dungeon, and saw 38 of its levels.
You visited the Abyss 2 times.
You visited 1 bazaar.
You also visited: Sewer and Ossuary.

You collected 4325 gold pieces.
You spent 774 gold pieces at shops.

Inventory:

Hand Weapons
 s - the +5 demon whip of Crusades (weapon) {elec, Str+2 Int+3}
   (Okawaru gifted it to you on level 2 of the Orcish Mines)

   Occasionally, upon striking a foe, it will discharge some electrical energy
   and cause terrible harm.
   It affects your strength (+2).
   It affects your intelligence (+3).
 A - the +8 hand crossbow of Bothresh {elec, +Fly rElec rPois MR-}
   (Okawaru gifted it to you on level 2 of the Lair of Beasts)

   It charges the ammunition it shoots with electricity; occasionally upon a
   hit, such missiles may discharge and cause terrible harm.
   It insulates you from electricity.
   It protects you from poison.
   It affects your resistance to hostile enchantments.
   It lets you fly.
 F - the +9 mace of the Equinox {speed, rElec rF- Str-2 SInv}
   (You found it on level 2 of the Vaults)

   Attacks with this weapon are significantly faster.
   It affects your strength (-2).
   It makes you vulnerable to fire.
   It insulates you from electricity.
   It lets you see invisible.
 X - the +1 eveningstar "Paeckuy" {holy, Dex+4}
   (Okawaru gifted it to you on level 4 of the Vaults)

   It has been blessed by the Shining One to cause great damage to the undead
   and demons.
   It affects your dexterity (+4).
Missiles
 p - 875 bolts (quivered)
Armour
 e - a +2 pair of gloves (worn)
 y - the +5 crystal plate armour "Trusted Companion" (worn) {rElec rF+ rCorr}
   (Okawaru gifted it to you on level 2 of the Lair of Beasts)

   It protects you from fire.
   It insulates you from electricity.
   It protects you from acid and corrosion.
 D - a +2 hat of spirit shield (worn)
 H - the +0 pair of boots of Fyoqel (worn) {rF- rCorr Str+6}
   (Okawaru gifted it to you on level 2 of the Spider Nest)

   It affects your strength (+6).
   It makes you vulnerable to fire.
   It protects you from acid and corrosion.
 N - the +1 cloak "Nywn" (worn) {+Fly rCorr Str+4}
   (Okawaru gifted it to you on level 5 of the Vaults)

   It affects your strength (+4).
   It lets you fly.
   It protects you from acid and corrosion.
 O - the +3 large shield of Darkness (worn) {Regen+ Dex+2}
   (You took it off Louise on level 3 of the Shoals)

   It affects your dexterity (+2).
   It increases your rate of regeneration.
Jewellery
 c - an uncursed ring of protection from fire
 g - a ring of protection from cold (left hand)
 r - an uncursed ring of resist corrosion
 L - a +2 ring of dexterity
 M - the amulet "Kuivikaego" (around neck) {+Rage +Inv Dex+5}
   (You bought it in a shop on level 13 of the Dungeon)

   [amulet of rage]

   It affects your dexterity (+5).
   It lets you turn invisible.
   It lets you go berserk.
 Q - the ring "Zoefirig" (right hand) {Ice Str+5 Stlth+}
   (You took it off a merfolk on level 4 of the Shoals)

   [ring of ice]

   It enhances your ice magic.
   It affects your strength (+5).
   It makes you vulnerable to fire.
   It protects you from cold.
   It makes you more stealthy.
Wands
 E - a wand of hasting (7/9)
 I - a wand of digging (8/24)
 U - a wand of heal wounds (6/9)
Scrolls
 a - 5 scrolls of magic mapping
 d - 2 scrolls of teleportation
 m - 4 scrolls of identify
 n - 4 scrolls of fog
 u - 2 scrolls of recharging
 v - 19 scrolls of remove curse
 x - 4 scrolls of blinking
 B - a scroll of enchant weapon
 J - a scroll of enchant armour
 P - 3 scrolls of holy word
Potions
 j - 15 potions of curing
 k - 7 potions of invisibility
 l - 6 potions of haste
 o - 3 potions of ambrosia
 q - a potion of heal wounds
 w - 4 potions of magic
 G - 2 potions of cure mutation
 K - 2 potions of might
 V - a potion of cancellation
 W - a potion of agility
Comestibles
 b - 15 chunks of flesh
 f - 23 bread rations
 h - 21 fruits
 i - 22 meat rations
 t - 8 beef jerkies
 z - 9 slices of pizza
 C - a royal jelly


   Skills:
 * Level 19.1 Fighting
 * Level 20.8 Maces & Flails
 + Level 8.0 Crossbows
 * Level 16.8 Armour
 - Level 4.5 Dodging
 - Level 2.8 Stealth
 * Level 24.8 Shields


You had 17 spell levels left.
You knew the following spells:

 Your Spells              Type           Power        Failure   Level  Hunger
a - Bolt of Magma         Conj/Fire/Erth #.........   100%        5    ######.


Dungeon Overview and Level Annotations

Branches:
Dungeon (15/15)            Temple (0/1) D:5            Lair (6/6) D:8
 Shoals (4/4) Lair:4       Spider (4/4) Lair:2        Slime (0/5) Lair:6
    Orc (2/2) D:10            Elf (0/3) Orc:2        Vaults (5/5) D:13
  Crypt (0/3) Vaults:2     Depths (2/5) D:15

Altars:
Ashenzari
Dithmenos
Elyvilon
Fedhas
Gozag
Kikubaaqudgha
Makhleb
Okawaru
Yredelemnul
Zin
The Shining One
Jiyva

Shops:
D:7 %   D:13 =   D:15 *   Orc:2 :(}:   Vaults:5 ?%?!!%!?

Portals:
Hell: Lair:6 Depths:1
Abyss: Depths:1
Trove: D:10 (give 2 scrolls of acquirement)

Annotations:
Depths:2 Mara


Innate Abilities, Weirdness & Mutations

You are resistant to torment.
Your stone body is resilient. (AC +17)
You are immune to poison.
Your large and strong wings let you fly indefinitely.
You resist negative energy. (rN+)
You are resistant to electric shocks. (rElec)
You can survive without breathing.
You are immune to petrification.
You are immune to rotting.


Message History

You block the elephant's attack.
The elephant trunk-slaps you but does no damage.
Mara blinks!
The spriggan berserker invokes Trog's protection!
Mara gestures.
There is a horrible, sudden wrenching feeling in your soul!
Your surroundings suddenly seem different.
The yaktaur wields an arbalest.
The yaktaur shoots a bolt.
You block the bolt. 3 yaktaurs come into view.
Things that are here:
a bolt; a dire flail x2
The fire dragon roars deafeningly!
The yaktaur wields an arbalest.
The yaktaur shoots a bolt.
You block the bolt.
You hear a trumpeting!
You hear a shout!
You see here a bolt.
The centaur warrior shouts!
The yaktaur shouts!
The yaktaur wields an arbalest.
The yaktaur shoots a bolt.
You block the bolt. The fire dragon breathes flames at you.
The blast of flame hits you! The fire burns you terribly!
You die...

... #(...(((........
...⌠..
...#....)........c.
#.....
###.#......((....≈..
#.....
.......D##.)()...$..
......(.....(....c..
.......(...(........
........$.(.....$... #
.......#............ #
.....###.((@........ #
.... ##..........≈
≈≈##### ...
###cc......≈≈≈≈.....
##
#..(....≈c≈≈≈≈≈.....
##..(....≈≈≈≈........
##..≈c≈..c...≈..###...
#..≈≈........#...#....
##..≈.#......#........
#.#..#.≈.##.#.##.....


You could see a fire dragon, a centaur warrior, 5 yaktaurs and a centaur
(wandering).

Vanquished Creatures
  Arachne (Spider:2)
  3 tentacled monstrosities
  Rupert (Orc:2)
  Jorgrun (Shoals:4)
  3 titans
  Asterion (Spider:2)
  An Executioner (Abyss:3)
  Polyphemus (Shoals:3)
  Gastronok (Lair:3)
  Kirke (D:14)
  5 krakens
  3 shadow dragons
  3 storm dragons
  A sphinx (Depths:2)
  Agnes (D:15)
  Ilsuiw (Shoals:4)
  Roxanne (Spider:3)
  2 tengu reavers
  9 fire giants
  5 ghost moths
  24 vault wardens
  8 frost giants
  4 iron dragons
  3 deep elf sorcerers
  Aizul (Spider:1)
  5 emperor scorpions
  Louise (Shoals:3)
  2 deep elf elementalists
  A balrug (Depths:1)
  14 ironheart preservers
  14 very ugly things
  A war gargoyle (Vaults:4)
  10 stone giants
  5 entropy weavers
  4 deep elf annihilators
  2 lorocyprocas (Depths:1)
  3 spark wasps (Spider:4)
  2 dire elephants
  Snorg (Lair:5)
  13 merfolk impalers
  11 ettins
  7 fire dragons
  The ghost of baldghoti the Cleaver, a journeyman MiBe of Trog (Orc:2)
  11 yaktaur captains
  6 merfolk javelineers
  A deep elf high priest (Vaults:5)
  A quicksilver dragon zombie (Abyss:3)
  6 ice dragons
  2 great orbs of eyes
  49 vault guards
  16 hydras
  The ghost of antares the Impaler, a journeyman MfBe of Trog (Orc:1)
  A hell beast (Lair:6)
  8 rakshasas
  Erica (D:10)
  6 centaur warriors
  2 catoblepae
  8 ogre magi
  4 merfolk aquamancers (Shoals:4)
  2 alligator snapping turtles (Shoals:3)
  A dancing weapon (Vaults:4)
  2 death knights
  A satyr (Shoals:3)
  3 death yaks (Shoals:3)
  A tengu warrior (Depths:2)
  The ghost of Nathiuz the Slicer, a novice HuGl of Gozag (D:10)
  2 deep troll shamans (Vaults:5)
  3 orc high priests (Orc:2)
  A queen ant (Lair:2)
  A spriggan berserker (Depths:2)
  3 deep troll earth magi
  A vampire mage (Depths:1)
  Sonja (D:15)
  A thrashing horror (Abyss:3)
  The ghost of harwe the Unseen, a journeyman SpEn of Dithmenos (D:11)
  10 deep elf knights
  2 shadow wraiths
  2 fire crabs (Abyss:3)
  2 glowing orange brains (shapeshifter)
  8 sea snakes
  A swamp dragon (Abyss:3)
  3 flayed ghosts
  2 glowing orange brains
  11 deep trolls
  6 wizards
  An unseen horror (D:14)
  11 hill giants
  7 deep elf archers
  25 orc knights
  7 phantasmal warriors
  7 harpies
  13 orb spiders
  A necromancer (Vaults:1)
  A lindwurm (Lair:5)
  A wolf spider zombie (D:15)
  28 wolf spiders
  21 ironbrand convokers
  The ghost of morik the Destroyer, a novice DEWz of Sif Muna (Lair:1)
  44 ugly things
  4 oklob plants (Lair:4)
  7 deep elf magi
  8 fauns
  12 manticores
  A manticore (shapeshifter) (Depths:1)
  7 orc sorcerers
  An orb spider (shapeshifter) (Vaults:1)
  3 moths of wrath
  A salamander (Depths:1)
  9 cyclopes
  7 sirens
  6 black mambas
  A centaur zombie (D:11)
  23 elephants
  16 vault sentinels
  9 water nymphs
  A smoke demon (Abyss:3)
  8 spiny frogs
  A stone giant skeleton (Vaults:1)
  5 ice statues
  A torpor snail (Spider:2)
  A water nymph (shapeshifter) (Depths:1)
  4 gargoyles
  A centaur skeleton (D:14)
  A hellion (Abyss:3)
  2 kobold demonologists (Depths:1)
  An orange demon (Lair:6)
  A rime drake (Lair:4)
  A rime drake (shapeshifter) (Depths:2)
  8 freezing wraiths
  20 demonic crawlers
  3 komodo dragons
  2 hellwings
  A komodo dragon (shapeshifter) (Vaults:1)
  22 yaktaurs
  An efreet (D:15)
  2 ice devils (Lair:6)
  10 red devils
  3 tengu conjurers
  10 trolls
  32 jumping spiders
  A meliai (shapeshifter) (Vaults:2)
  A polar bear (shapeshifter) (D:14)
  An ancient zyme (Abyss:3)
  38 merfolk
  Grinder (D:4)
  3 polar bears
  8 hornets
  15 two-headed ogres
  7 blink frogs
  A hippogriff (shapeshifter) (Vaults:5)
  3 wind drakes
  Prince Ribbit (D:8)
  11 dream sheep
  24 slime creatures
  7 raiju (Abyss:3)
  11 hippogriffs
  A meliai zombie (D:14)
  9 snapping turtles
  A snapping turtle (shapeshifter) (Vaults:4)
  79 redbacks
  Sigmund (D:6)
  A vampire (D:14)
  2 large abominations (Abyss:3)
  9 water elementals
  A spriggan (Lair:4)
  A ynoxinul (Abyss:3)
  7 starcursed masses (Abyss:3)
  2 wyverns (shapeshifter)
  2 tarantellas (shapeshifter)
  5 wyverns
  A human (shapeshifter) (Vaults:2)
  43 yaks
  34 tarantellas
  5 wraiths
  A golden eye (Abyss:3)
  6 humans (D:7)
  A yak (shapeshifter) (Vaults:5)
  6 hogs
  3 hungry ghosts
  16 vampire mosquitoes
  A basilisk (D:15)
  6 mottled dragons
  2 nagas (shapeshifter)
  7 wargs
  8 soldier ants (Lair:2)
  Edmund (D:4)
  11 water moccasins
  6 hell hounds
  10 porcupines
  A black bear (D:10)
  15 ice beasts
  49 orc warriors
  A sky beast (shapeshifter) (Vaults:1)
  An eye of draining (D:14)
  An eye of draining (shapeshifter) (Vaults:1)
  2 phantoms
  An elf zombie (Vaults:1)
  2 necrophages
  5 boggarts
  6 sky beasts
  6 wolves (Lair:2)
  37 ogres
  A tengu (shapeshifter) (Depths:1)
  16 centaurs
  A wolf (shapeshifter) (Vaults:5)
  11 crocodiles
  An orc skeleton (Vaults:1)
  8 big kobolds
  11 bullfrogs
  A wyvern zombie (D:13)
  A gnoll sergeant (D:6)
  3 earth elementals (D:15)
  4 water moccasin zombies (Ossuary)
  2 small abominations (Abyss:3)
  6 scorpions
  A killer bee (D:9)
  3 wights (D:12)
  3 howler monkeys (D:10)
  An electric eel (D:7)
  10 crimson imps
  2 bullfrog zombies
  2 quasits
  A bullfrog skeleton (D:7)
  6 hounds
  6 jellies
  26 orc wizards
  21 orc priests
  4 iguanas
  Natasha (D:3)
  34 worker ants
  6 hound skeletons
  3 mummies
  8 gnolls
  16 adders
  5 river rats
  A shadow imp (D:12)
  2 oozes
  16 adder zombies
  2 worms
  A dart slug (D:2)
  7 leopard geckos
  102 orcs
  5 giant cockroaches
  4 gnoll zombies (Ossuary)
  9 goblins
  8 hobgoblins
  18 jackals
  4 quokkas
  11 ball pythons
  20 bats
  4 frilled lizards
  4 hobgoblin zombies
  A jackal skeleton (D:4)
  32 kobolds
  5 kobold zombies (Ossuary)
  2 leopard gecko skeletons
  7 orc zombies
  A quokka skeleton (D:8)
  A quokka zombie (D:5)
  24 rats
  16 tentacles
1883 creatures vanquished.

Vanquished Creatures (others)
  A shadow wraith (Vaults:3)
  A redback (Spider:3)
  A tarantella (Spider:1)
  7 centaurs
  An orc priest (Orc:2)
  3 orc wizards
  3 kobolds
  70 fungi
  A lurking horror (Abyss:3)
  17 plants
  19 tentacles
124 creatures vanquished.

Grand Total: 2007 creatures vanquished

Notes
Turn   | Place    | Note
-------+----------+-------------------------------------------
     0 | D:1      | JeffiDaFish the Gargoyle Fighter began the quest for the Orb.
     0 | D:1      | Reached XP level 1. HP: 14/14 MP: 1/1
   348 | D:1      | Reached XP level 2. HP: 16/19 MP: 2/2
   635 | D:1      | Reached XP level 3. HP: 21/23 MP: 3/3
  1324 | D:1      | Gained mutation: Your spells are a little easier to cast, but a little less powerful. [potion of mutation]
  1324 | D:1      | Gained mutation: You have a beak for a mouth. [potion of mutation]
  1324 | D:1      | Gained mutation: You have a pair of small horns on your head. [potion of mutation]
  1550 | D:2      | Reached XP level 4. HP: 25/28 MP: 4/4
  1621 | D:2      | Reached skill level 4 in Shields
  2063 | D:2      | Reached XP level 5. HP: 32/32 MP: 5/5
  2078 | D:2      | Reached skill level 1 in Dodging
  2600 | D:3      | Noticed Natasha
  2606 | D:3      | Killed Natasha
  2651 | D:3      | Found an iron altar of Okawaru.
  2794 | D:3      | Found an opulent altar of Gozag.
  2859 | D:3      | Reached XP level 6. HP: 38/38 MP: 6/6
  3195 | D:4      | Noticed Grinder
  3197 | D:4      | Paralysed by Grinder for 7 turns
  3212 | D:4      | Paralysed by Grinder for 6 turns
  3221 | D:4      | Killed Grinder
  3221 | D:4      | Reached skill level 5 in Armour
  3221 | D:4      | Reached XP level 7. HP: 18/42 MP: 7/7
  3691 | D:3      | Found a white marble altar of Elyvilon.
  3691 | D:3      | Found a glowing silver altar of Zin.
  3709 | D:3      | Became a worshipper of Warmaster Okawaru
  4032 | D:4      | Noticed Edmund
  4059 | D:4      | Killed Edmund
  4059 | D:4      | Reached skill level 5 in Maces & Flails
  4199 | D:5      | Entered Level 5 of the Dungeon
  4292 | D:5      | Reached * piety under Okawaru
  4292 | D:5      | Reached skill level 5 in Shields
  4387 | D:5      | Reached XP level 8. HP: 45/48 MP: 8/8
  4640 | D:5      | Found a staircase to the Ecumenical Temple.
  4858 | D:6      | Found a glowing drain.
  4876 | Sewer    | Entered a sewer
  5351 | D:6      | Reached skill level 6 in Shields
  5515 | D:6      | Reached ** piety under Okawaru
  5515 | D:6      | Reached skill level 5 in Fighting
  5636 | D:6      | Found a blossoming altar of Fedhas.
  5680 | D:6      | Reached XP level 9. HP: 52/54 MP: 9/9
  5800 | D:6      | Noticed Sigmund
  5828 | D:6      | Killed Sigmund
  5992 | D:7      | Reached skill level 7 in Shields
  6092 | D:7      | Found a sand-covered staircase.
  6099 | Ossuary  | Entered an ossuary
  6345 | D:7      | Found Lubboll's Food Shoppe.
  6402 | D:7      | Reached *** piety under Okawaru
  6784 | D:7      | Reached skill level 8 in Shields
  6784 | D:7      | Reached XP level 10. HP: 54/60 MP: 10/10
  7002 | D:7      | Reached **** piety under Okawaru
  7345 | D:8      | Found a basalt altar of Yredelemnul.
  7573 | D:8      | Found a staircase to the Lair.
  7578 | D:8      | Reached skill level 10 in Maces & Flails
  7618 | D:8      | Reached skill level 9 in Shields
  7655 | D:8      | Found a shattered altar of Ashenzari.
  7912 | D:8      | Noticed Prince Ribbit
  7926 | D:8      | Killed Prince Ribbit
  7926 | D:8      | Reached ***** piety under Okawaru
  8014 | Lair:1   | Entered Level 1 of the Lair of Beasts
  8128 | Lair:1   | Reached XP level 11. HP: 53/66 MP: 11/11
  8134 | Lair:1   | Reached skill level 10 in Shields
  8324 | Lair:1   | Received a gift from Okawaru
  8518 | Lair:1   | Noticed morik's ghost (novice DEWz)
  8530 | Lair:1   | Killed morik's ghost
  9099 | Lair:2   | Noticed a queen ant
  9126 | Lair:2   | Killed a queen ant
  9317 | Lair:2   | Reached skill level 11 in Shields
  9416 | Lair:2   | Found a hole to the Spider Nest.
  9416 | Lair:2   | Noticed an orb spider
  9434 | Lair:2   | Killed an orb spider
  9760 | Lair:2   | Reached XP level 12. HP: 48/74 MP: 12/12
 10201 | Lair:2   | Noticed a four-headed hydra
 10211 | Lair:2   | Killed a four-headed hydra
 10211 | Lair:2   | Received a gift from Okawaru
 10214 | Lair:2   | Got a crude hand crossbow {god gift}
 10215 | Lair:2   | Identified the +8 hand crossbow of Bothresh {elec, +Fly rElec rPois MR-} (Okawaru gifted it to you on level 2 of the Lair of Beasts)
 11002 | Lair:3   | Reached skill level 12 in Shields
 11132 | Lair:3   | Reached ****** piety under Okawaru
 11410 | Lair:3   | Noticed Gastronok
 11428 | Lair:3   | Killed Gastronok
 11549 | Lair:3   | Found a glowing silver altar of Zin.
 12021 | Lair:4   | Received a gift from Okawaru
 12046 | Lair:4   | Got a pitted plate armour {god gift}
 12057 | Lair:4   | Identified the +6 plate armour of Lethargy {Int+4} (Okawaru gifted it to you on level 4 of the Lair of Beasts)
 12124 | Lair:4   | Found a staircase to the Shoals.
 12199 | Lair:4   | Reached XP level 13. HP: 80/80 MP: 11/13
 12240 | Lair:4   | Reached skill level 13 in Shields
 12358 | Lair:4   | Noticed a dire elephant
 12387 | Lair:4   | Killed a dire elephant
 12852 | Lair:4   | Reached skill level 10 in Fighting
 13259 | Lair:4   | Reached skill level 1 in Stealth
 13824 | Lair:5   | Noticed Snorg
 13841 | Lair:5   | HP: 3/82 [Snorg (7)]
 13847 | Lair:5   | Killed Snorg
 13847 | Lair:5   | Received a gift from Okawaru
 13847 | Lair:5   | Reached skill level 14 in Shields
 13850 | Lair:5   | Got a fine cloak {god gift}
 13856 | Lair:5   | Identified the +0 cloak "Koareeb" {Str+5 Int+6} (Okawaru gifted it to you on level 5 of the Lair of Beasts)
 14412 | Lair:6   | Entered Level 6 of the Lair of Beasts
 14509 | Lair:6   | Gained mutation: Your large and strong wings let you fly indefinitely. [Gargoyle growth]
 14509 | Lair:6   | Reached XP level 14. HP: 84/88 MP: 14/14
 14630 | Lair:6   | Found a staircase to the Slime Pits.
 14632 | Lair:6   | Found a viscous altar of Jiyva.
 14668 | Lair:6   | Noticed a dire elephant
 14690 | Lair:6   | Killed a dire elephant
 14813 | Lair:6   | Received a gift from Okawaru
 14813 | Lair:6   | Reached skill level 15 in Shields
 15251 | Lair:6   | Received a gift from Okawaru
 15257 | Lair:6   | Found a burning altar of Makhleb.
 15335 | Lair:6   | Found a gateway to Hell.
 16637 | D:10     | Entered Level 10 of the Dungeon
 16665 | D:10     | Noticed Erica
 16688 | D:10     | Killed Erica
 16735 | D:10     | Reached skill level 15 in Maces & Flails
 16747 | D:10     | Noticed Nathiuz's ghost (novice HuGl)
 16802 | D:10     | Killed Nathiuz's ghost
 16883 | D:10     | Found a portal to a secret trove of treasure.
 16992 | D:10     | Reached skill level 10 in Armour
 17065 | D:10     | Found a staircase to the Orcish Mines.
 17903 | D:11     | Found a shadowy altar of Dithmenos.
 18064 | D:11     | Found a shattered altar of Ashenzari.
 18287 | D:11     | Received a gift from Okawaru
 18290 | D:11     | Got a translucent great mace {god gift}
 18296 | D:11     | Identified the +3 great mace "Fioc" {crush, rPois Stlth+} (Okawaru gifted it to you on level 11 of the Dungeon)
 18428 | D:11     | Noticed harwe's ghost (journeyman SpEn)
 18485 | D:11     | Killed harwe's ghost
 18485 | D:11     | Reached skill level 16 in Shields
 18715 | D:12     | Reached XP level 15. HP: 95/95 MP: 15/15
 19485 | D:13     | Found a gate to the Vaults.
 19513 | D:13     | Received a gift from Okawaru
 20525 | D:13     | Found Xammolil's Jewellery Emporium.
 20533 | D:13     | Bought the amulet "Kuivikaego" {+Rage +Inv Dex+5} for 774 gold pieces
 21215 | D:14     | Found a glowing golden altar of the Shining One.
 21324 | D:14     | Reached skill level 17 in Shields
 21488 | D:14     | Noticed Kirke
 21502 | D:14     | Killed Kirke
 21502 | D:14     | Received a gift from Okawaru
 21834 | D:15     | Entered Level 15 of the Dungeon
 21845 | D:15     | Noticed Agnes
 21862 | D:15     | Killed Agnes
 21923 | D:15     | Noticed Sonja
 21937 | D:15     | Found Xetoe's Pet Rocks.
 21988 | D:15     | Reached XP level 16. HP: 71/101 MP: 12/16
 22072 | D:15     | Found a blossoming altar of Fedhas.
 22437 | D:15     | Received a gift from Okawaru
 22525 | D:15     | Killed Sonja
 22961 | D:15     | Found a staircase to the Depths.
 23202 | Orc:1    | Entered Level 1 of the Orcish Mines
 23612 | Orc:1    | Noticed antares's ghost (journeyman MfBe)
 23627 | Orc:1    | Killed antares's ghost
 23646 | Orc:1    | Reached skill level 18 in Shields
 24052 | Orc:2    | Entered Level 2 of the Orcish Mines
 24089 | Orc:2    | Noticed Rupert
 24098 | Orc:2    | Paralysed by Rupert for 2 turns
 24103 | Orc:2    | Killed Rupert
 24103 | Orc:2    | Paralysed by an orc sorcerer for 7 turns
 24196 | Orc:2    | Noticed baldghoti's ghost (journeyman MiBe)
 24222 | Orc:2    | Killed baldghoti's ghost
 24255 | Orc:2    | Found Unef Mekk's Book Boutique.
 24617 | Orc:2    | Found Nybbeng's Gadget Boutique.
 24624 | Orc:2    | Found Yxaiw's Book Emporium.
 24625 | Orc:2    | Found Jookk's Weapon Emporium.
 25018 | Orc:2    | Received a gift from Okawaru
 25021 | Orc:2    | Got a crude demon whip {god gift}
 25022 | Orc:2    | Identified the +5 demon whip of Crusades {elec, Str+2 Int+3} (Okawaru gifted it to you on level 2 of the Orcish Mines)
 25049 | Orc:2    | Found a staircase to the Elven Halls.
 25422 | Spider:1 | Entered Level 1 of the Spider Nest
 25422 | Spider:1 | Noticed Aizul
 25433 | Spider:1 | Killed Aizul
 26052 | Spider:2 | Received a gift from Okawaru
 26441 | Spider:2 | Reached skill level 19 in Shields
 26515 | Spider:2 | Reached XP level 17. HP: 108/108 MP: 17/17
 26998 | Spider:2 | Noticed Asterion
 27014 | Spider:2 | Killed Asterion
 27026 | Spider:2 | Noticed Arachne
 27054 | Spider:2 | Killed Arachne
 27168 | Spider:2 | Received a gift from Okawaru
 27171 | Spider:2 | Got a pair of twisted boots {god gift}
 27182 | Spider:2 | Identified the +0 pair of boots of Fyoqel {rF- rCorr Str+6} (Okawaru gifted it to you on level 2 of the Spider Nest)
 27285 | Spider:2 | Identified the -2 shield of Ximedo {Int+5} (Okawaru gifted it to you on level 2 of the Spider Nest)
 27340 | Spider:3 | Noticed Roxanne
 27362 | Spider:3 | Killed Roxanne
 27363 | Spider:3 | Identified Roxanne's Disquisition on the Rocks (You took it off Roxanne on level 3 of the Spider Nest)
 27403 | Spider:3 | Learned a level 5 spell: Bolt of Magma
 28138 | Spider:3 | Reached skill level 20 in Shields
 28382 | Spider:4 | Entered Level 4 of the Spider Nest
 28930 | Spider:4 | Reached XP level 18. HP: 102/116 MP: 0/18
 29307 | Spider:4 | Got a gossamer rune of Zot
 29461 | Spider:4 | Lost mutation: You have a pair of small horns on your head. [potion of cure mutation]
 29461 | Spider:4 | Lost mutation: Your spells are a little easier to cast, but a little less powerful. [potion of cure mutation]
 29461 | Spider:4 | Lost mutation: You have a beak for a mouth. [potion of cure mutation]
 29708 | Lair:2   | Received a gift from Okawaru
 29711 | Lair:2   | Got a pitted crystal plate armour {god gift}
 29722 | Lair:2   | Identified the +5 crystal plate armour "Trusted Companion" {rElec rF+ rCorr} (Okawaru gifted it to you on level 2 of the Lair of Beasts)
 29799 | Shoals:1 | Entered Level 1 of the Shoals
 30671 | Shoals:2 | Reached skill level 21 in Shields
 30784 | Shoals:2 | Identified a scroll of acquirement
 30785 | Shoals:2 | Got a slimy demon whip
 30786 | Shoals:2 | Identified the +5 demon whip "Duanaaty" {pain, MR- Str+5} (You acquired it on level 2 of the Shoals)
 31594 | Shoals:3 | Noticed Louise
 31597 | Shoals:3 | Cast into level 3 of the Abyss (Louise)
 31597 | Abyss:3  | Found a corrupted altar of Lugonu.
 31658 | Abyss:3  | Received a gift from Okawaru
 31880 | Abyss:3  | Reached skill level 15 in Fighting
 31996 | Abyss:3  | HP: 4/119 [hellion/damnation (29)]
 32026 | Shoals:3 | Escaped the Abyss
 32302 | Shoals:3 | Killed Louise
 32306 | Shoals:3 | Got a steaming large shield
 32317 | Shoals:3 | Identified the +3 large shield of Darkness {Regen+ Dex+2} (You took it off Louise on level 3 of the Shoals)
 32503 | Shoals:3 | Received a gift from Okawaru
 32508 | Shoals:3 | Identified the +0 crystal plate armour of Youthful Indiscretion {rCorr Str+3 Dex-4 Slay+6} (Okawaru gifted it to you on level 3 of the Shoals)
 32690 | Shoals:3 | Noticed Polyphemus
 32707 | Shoals:3 | Reached XP level 19. HP: 102/124 MP: 14/19
 32727 | Shoals:3 | Killed Polyphemus
 33106 | Shoals:4 | Entered Level 4 of the Shoals
 33128 | Shoals:4 | Noticed Jorgrun
 33167 | Shoals:4 | Killed Jorgrun
 33401 | Shoals:4 | Noticed Ilsuiw
 33420 | Shoals:4 | Cast into level 3 of the Abyss (merfolk impaler)
 33431 | Shoals:4 | Escaped the Abyss
 33527 | Shoals:4 | Killed Ilsuiw
 33527 | Shoals:4 | Reached skill level 22 in Shields
 33617 | Shoals:4 | Got a flickering copper ring
 33618 | Shoals:4 | Identified the ring of the Sturgeon {rElec rPois} (You took it off a merfolk on level 4 of the Shoals)
 33659 | Shoals:4 | Got a faintly glowing bone ring
 33662 | Shoals:4 | Identified the ring "Zoefirig" {Ice Str+5 Stlth+} (You took it off a merfolk on level 4 of the Shoals)
 34045 | Shoals:4 | Received a gift from Okawaru
 34100 | Shoals:4 | Identified the Collected Works on Congealing Stones
 34257 | Shoals:4 | Identified the +6 flail "Bidghy" {elec, +Inv MR+} (You found it on level 4 of the Shoals)
 34539 | Shoals:4 | Got a barnacled rune of Zot
 35112 | Vaults:1 | Entered Level 1 of the Vaults
 35339 | Vaults:1 | Received a gift from Okawaru
 35974 | Vaults:1 | Reached skill level 1 in Crossbows
 35983 | Vaults:1 | Reached XP level 20. HP: 126/131 MP: 20/20
 36026 | Vaults:1 | Received a gift from Okawaru
 36624 | Vaults:1 | Reached skill level 23 in Shields
 37147 | Vaults:2 | Got a fine mace
 37148 | Vaults:2 | Identified the +9 mace of the Equinox {speed, rElec rF- Str-2 SInv} (You found it on level 2 of the Vaults)
 37191 | Vaults:2 | Found a staircase to the Crypt.
 37191 | Vaults:2 | Found an ancient bone altar of Kikubaaqudgha.
 37192 | Vaults:2 | Found a basalt altar of Yredelemnul.
 37380 | Vaults:2 | Received a gift from Okawaru
 38848 | Vaults:3 | Received a gift from Okawaru
 38889 | Vaults:3 | Found a flickering gateway to a bazaar.
 38899 | Bazaar   | Entered a bazaar
 38899 | Bazaar   | Found Biozakuo's Gadget Shop.
 38899 | Bazaar   | Found Debah's Magic Scroll Boutique.
 38899 | Bazaar   | Found Zaogahae's Magic Scroll Boutique.
 38899 | Bazaar   | Found Gysuw's General Store.
 38899 | Bazaar   | Found Zokkacog's Weapon Shop.
 38966 | Vaults:3 | Reached XP level 21. HP: 137/137 MP: 21/21
 40217 | Vaults:4 | Received a gift from Okawaru
 40229 | Vaults:4 | Got an ancient eveningstar {god gift}
 40230 | Vaults:4 | Identified the +1 eveningstar "Paeckuy" {holy, Dex+4} (Okawaru gifted it to you on level 4 of the Vaults)
 40427 | Vaults:4 | Reached skill level 5 in Crossbows
 41170 | Vaults:5 | Entered Level 5 of the Vaults
 41192 | Vaults:4 | Received a gift from Okawaru
 41319 | Vaults:4 | Reached skill level 15 in Armour
 41415 | Vaults:4 | Reached XP level 22. HP: 137/146 MP: 22/22
 41575 | Vaults:5 | Reached skill level 24 in Shields
 41810 | Vaults:5 | Received a gift from Okawaru
 42524 | Vaults:5 | Received a gift from Okawaru
 42623 | Vaults:5 | Got a pitted cloak {god gift}
 42705 | Vaults:5 | Identified the Handbook of Boosting Heat
 42726 | Vaults:5 | Identified the +1 cloak "Nywn" {+Fly rCorr Str+4} (Okawaru gifted it to you on level 5 of the Vaults)
 42797 | Vaults:5 | Got a sparkling lead ring
 42802 | Vaults:5 | Got a clouded steel ring
 42803 | Vaults:5 | Identified the cursed ring "Qeokadd" {-Tele AC-2 Str+4} (You found it on level 5 of the Vaults)
 42804 | Vaults:5 | Identified the ring "Zausmuc" {*Tele +Inv rN+ MR-} (You found it on level 5 of the Vaults)
 42832 | Vaults:5 | Identified the cursed +0 mace of the Radish {freeze, rF+ Int+4} (You found it on level 5 of the Vaults)
 42870 | Vaults:5 | Found Vehy's Magic Scroll Emporium.
 42870 | Vaults:5 | Found Witzid's Distillery.
 42880 | Vaults:5 | Found Hest's Food Shoppe.
 42991 | Vaults:5 | Got a silver rune of Zot
 43223 | Vaults:5 | Found Ysiuk's Food Boutique.
 43235 | Vaults:5 | Found Gepp's Distillery.
 43235 | Vaults:5 | Found Yshreunij's Distillery.
 43238 | Vaults:5 | Found Catal's Magic Scroll Boutique.
 43270 | Vaults:5 | Found Apates's Magic Scroll Emporium.
 43496 | Vaults:5 | Reached XP level 23. HP: 153/153 MP: 23/23
 43781 | Depths:1 | Entered Level 1 of the Depths
 44370 | Depths:1 | Found a one-way gate to the infinite horrors of the Abyss.
 44570 | Depths:1 | Received a gift from Okawaru
 45975 | Depths:2 | Noticed Mara
 45987 | Depths:2 | Noticed JeffiDaFish's illusion
 45989 | Depths:2 | Killed from afar by a fire dragon

Skill      XL: |  1  2  3  4  5  6  7  8  9 10 11 12 13 14 15 16 17 18 19 20 21 22 23 |
---------------+----------------------------------------------------------------------+-----
Armour         | 4 5 6 7 8 9 10 11 12 14 15 16 | 16.8
Maces & Flails | 3 4 5 7 9 10 12 13 14 15 16 17 18 19 20 | 20.8
Shields        | 4 5 6 8 9 11 12 14 16 17 19 20 21 22 23 24 | 24.8
Dodging        | 1 2 3 4 |  4.5
Fighting       | 4 5 6 8 9 10 11 12 13 14 15 16 17 18 19 | 19.1
Stealth        | 1 2 |  2.8
Crossbows      | 1 3 5 7 8 |  8.0

Action                   |  1- 3 |  4- 6 |  7- 9 | 10-12 | 13-15 | 16-18 | 19-21 | 22-24 || total
-------------------------+-------+-------+-------+-------+-------+-------+-------+-------++-------
Melee: Flail             |   163 |   125 |   598 |   106 |       |       |       |       ||   992
       Headbutt          |     6 |    17 |   106 |   203 |   522 |   451 |       |       ||  1305
       Peck              |     1 |    17 |   102 |   209 |   478 |   469 |       |       ||  1276
       Morningstar       |       |       |       |   829 |  1685 |   452 |       |       ||  2966
       Demon whip        |       |       |       |       |       |  1424 |  2134 |  1373 ||  4931
       Mace              |       |       |       |       |       |       |    92 |       ||    92
       Eveningstar       |       |       |       |       |       |       |    12 |       ||    12
 Fire: Hand crossbow     |       |       |       |       |       |       |       |     6 ||     6
 Abil: Fly               |       |       |       |       |     1 |       |       |       ||     1
  Use: Potion            |     5 |     3 |     3 |     4 |     6 |    11 |     4 |     1 ||    37
       Scroll            |     2 |     6 |     8 |     8 |    15 |    15 |    16 |    14 ||    84
 Stab: Invisible         |       |       |       |       |     6 |       |       |       ||     6
       Petrified         |       |       |       |       |       |       |     4 |       ||     4
       Confused          |       |       |       |       |       |       |       |     1 ||     1
  Eat: Chunk             |     3 |     5 |    12 |    18 |    33 |    31 |    29 |    12 ||   143
       Bread ration      |       |       |       |     1 |       |     1 |       |     1 ||     3
       Pizza             |       |       |       |       |     1 |       |       |       ||     1
Armor: Scale mail        |   122 |    69 |   105 |       |       |       |       |       ||   296
       Chain mail        |       |       |    92 |       |       |       |       |       ||    92
       Fire dragon scale |       |       |    28 |   100 |       |       |       |       ||   128
       Plate armour      |       |       |       |   397 |   882 |   783 |       |       ||  2062
       Crystal plate arm |       |       |       |       |       |   181 |   619 |   682 ||  1482
Dodge: Dodged            |    72 |    44 |   115 |   211 |   301 |   437 |   256 |   327 ||  1763
Block: Shield            |   119 |    77 |   332 |   678 |       |       |       |       ||  1206
       Reflection        |       |       |     9 |    23 |    38 |       |       |       ||    70
       Large shield      |       |       |       |   160 |  2023 |  2225 |  2297 |  1841 ||  8546
